 Dungeon Crawl Stone Soup version 0.30.0 (webtiles) character file.

Game seed: 7875598860402106723

683 Ubbricas the Gusty (level 7, 0/71 HPs)
             Began as an Ogre Air Elementalist on May 17, 2023.
             Slain by an iguana (11 damage)
             ... on level 4 of the Dungeon.
             The game lasted 00:06:43 (4268 turns).

Ubbricas the Gusty (Ogre Air Elementalist)          Turns: 4268, Time: 00:06:44

Health: 0/71       AC:  3    Str: 13    XL:     7   Next: 61%
Magic:  0/14       EV:  9    Int: 18    God:
Gold:   162        SH:  0    Dex:  9    Spells: 8/15 levels left

rFire   . . .        w - +3 rapier (vamp)
rCold   . . .        (no shield)
rNeg    + . .        a - +0 robe
rPois   .            (helmet restricted)
rElec   .            (no cloak)
rCorr   .            (gloves unavailable)
SInv    .            (boots unavailable)
Will    .....        (no amulet)
Stlth   ++           p - ring of positive energy
HPRegen 0.31/turn    u - ring of flight
MPRegen 0.14/turn

%: no passive effects
@: flying
A: large, unfitting armour, tough skin 1
a: no special abilities


You were on level 4 of the Dungeon.
You visited 1 branch of the dungeon, and saw 4 of its levels.

You collected 162 gold pieces.

Inventory:

Hand Weapons
 c - a +0 sling
 h - the +10 long sword of the Stopping Gods {heavy, Str+6 SInv}
   (You found it on level 2 of the Dungeon)

   Str:       It affects your strength (+6).
   SInv:      It lets you see invisible.
 r - a +2 flail of protection
 w - a +3 vampiric rapier (weapon)
Missiles
 f - 7 poisoned darts
 s - 5 silver javelins
Armour
 a - a +0 robe (worn)
Jewellery
 p - a ring of positive energy (left hand)
 u - a ring of flight (right hand)
Scrolls
 e - a scroll of enchant weapon {unknown}
 g - 4 scrolls of fear {unknown}
 i - 2 scrolls of identify {unknown}
 j - 2 scrolls of teleportation
 k - 2 scrolls of immolation
 n - a scroll of brand weapon {unknown}
 o - a scroll of magic mapping {unknown}
Potions
 b - a potion of magic
 d - 2 potions of flight {unknown}
 l - 7 potions of curing {unknown}
 m - a potion of degeneration {unknown}
 q - a potion of lignification {unknown}
 t - 2 potions of attraction {unknown}
 v - a potion of heal wounds {unknown}


   Skills:
 + Level 4.3 Fighting
 - Level 1.7 Dodging
 - Level 2.0 Stealth
 + Level 4.8 Spellcasting
 - Level 1.6 Conjurations
 * Level 5.8 Air Magic


You had 8 spell levels left.
You knew the following spells:

 Your Spells              Type           Power      Damage    Failure   Level
a - Shock                 Conj/Air       68%        1d7       3%          1
b - Static Discharge      Conj/Air       34%        2-4/arc   4%          2
c - Airstrike             Air            12%        2d(2-18)  12%         4

Your spell library contained the following spells:

 Spells                   Type           Power      Damage    Failure   Level
 Swiftness                Air            25%        N/A       3%          3
 Portal Projectile        Hex/Tloc       8%         N/A       38%         3
 Tukima's Dance           Hex            4%         N/A       38%         3
 Blade Hands              Tmut           2%         N/A       98%         5


Dungeon Overview and Level Annotations

Branches:
Dungeon (4/15)
 Temple: D:4-7

Altars:
Kikubaaqudgha
Makhleb
Ru
Trog
Vehumet


Innate Abilities, Weirdness & Mutations

You are too large for most types of armour.
You have tough skin. (AC +1)


Message History

Unknown command.
Unknown command.
Casting: Static Discharge (safe; 4% risk of failure)
Confirm with . or Enter, or press ? or * to list all spells.
The kobold is struck by an arc of lightning.
You kill the kobold!
You are struck by an arc of lightning.
Unknown command.
Unknown command.
Your magical contamination has completely faded away.
The iguana hisses menacingly.
The iguana enters a dispersal trap!
You blink.
The iguana blinks!
Unknown command.
You barely miss the iguana. The iguana bites you!
* * * LOW HITPOINT WARNING * * *
Unknown command.
You barely miss the iguana.
The iguana bites you but does no damage.
Unknown command.
You hit the iguana but do no damage. The iguana barely misses you.
Unknown command.
Casting: Static Discharge (safe; 4% risk of failure)
Confirm with . or Enter, or press ? or * to list all spells.
The iguana is struck by an arc of lightning.
The iguana is lightly wounded.
You are struck by an arc of lightning.
* * * LOW HITPOINT WARNING * * *
The iguana is struck by an arc of lightning.
The iguana is moderately wounded.
The lightning grounds out.
The iguana bites you.
* * * LOW HITPOINT WARNING * * *
Unknown command.
Casting: Static Discharge (safe; 4% risk of failure)
Confirm with . or Enter, or press ? or * to list all spells.
The iguana is struck by an arc of lightning.
The iguana is heavily wounded.
You are struck by an arc of lightning.
* * * LOW HITPOINT WARNING * * *
The lightning grounds out.
The iguana bites you!
You die...

♣♣♣♣♣ #####
♣♣...♣♣♣ ....#
♣.)....♣♣♣♣♣ ...#
♣.w..♣♣♣...l@.♣♣♣
♣♣..# .....
♣♣♣.w....♣♣
♣♣♣...# ..♣♣
♣♣♣♣♣.^.♣♣♣.....#
. ♣♣♣......♣..##
♣♣...♣♣♣...###
♣♣♣♣♣...#....
............
#.#####..#._
#####.# ##....


You could see an iguana and a dart slug.

Vanquished Creatures
  Grinder (D:4)
  Eustachio (D:4)
  A black bear (D:4)
  An ogre (D:4)
  A hound (D:4)
  An iguana (D:4)
  3 gnolls (D:3)
  2 adders (D:2)
  An ufetubus (D:4)
  5 orcs (D:3)
  4 endoplasms
  5 giant cockroaches
  8 hobgoblins
  7 jackals
  6 kobolds
  5 quokkas
  7 ball pythons
  6 bats
  2 frilled lizards (D:1)
  5 goblins
  5 rats
77 creatures vanquished.

Notes
Turn   | Place    | Note
-------+----------+-------------------------------------------
     0 | D:1      | Ubbricas the Ogre Air Elementalist began the quest for the
                  | Orb.
     0 | D:1      | Reached XP level 1. HP: 16/16 MP: 3/3
   218 | D:1      | Reached skill level 1 in Conjurations
   514 | D:1      | Reached XP level 2. HP: 24/24 MP: 2/5
   655 | D:1      | Reached skill level 3 in Air Magic
  1211 | D:2      | Learned a level 2 spell: Static Discharge
  1303 | D:2      | Identified the +10 long sword of the Stopping Gods {heavy,
                  | Str+6 SInv}
  1324 | D:2      | Reached XP level 3. HP: 10/31 MP: 1/7
  2183 | D:2      | Reached XP level 4. HP: 27/39 MP: 5/8
  2410 | D:3      | Learned a level 4 spell: Airstrike
  2455 | D:3      | Found a sacrificial altar of Ru.
  2851 | D:3      | Found a faded altar of an unknown god.
  2940 | D:3      | Found a bloodstained altar of Trog.
  3175 | D:3      | Reached skill level 1 in Fighting
  3294 | D:3      | Reached XP level 5. HP: 26/48 MP: 2/10
  3376 | D:3      | Found a burning altar of Makhleb.
  3685 | D:4      | Noticed Grinder
  3687 | D:4      | Reached skill level 4 in Air Magic
  3690 | D:4      | Paralysed by Grinder for 4 turns
  3695 | D:4      | Killed Grinder
  3696 | D:4      | Reached XP level 6. HP: 61/61 MP: 3/12
  3831 | D:4      | Found a radiant altar of Vehumet.
  3913 | D:4      | Reached skill level 5 in Air Magic
  3993 | D:4      | Found an ancient bone altar of Kikubaaqudgha.
  4008 | D:4      | Reached XP level 7. HP: 67/67 MP: 7/13
  4053 | D:4      | Noticed Eustachio
  4158 | D:4      | Killed Eustachio
  4268 | D:4      | Slain by an iguana

Illustrated notes

Levels and vault maps discovered:
D:1:      matt_arrival_los_fun, layout_basic
D:2:      layout_loops_ring, chequers_serial_rivers_marsh, st_stairs_8
D:3:      layout_basic, lemuel_doored_altar,
          mainiacjoe_overflow_large_starburst,
          dilly_ecumenical_altar_fadedgnrine
D:4:      layout_loops_ring, lemuel_coloured_pillars_altar,
          mainiacjoe_overflow_tiny_flanked, nemelex_xobeh_ov_fountains_minmay,
          mainiacjoe_overflow_catch_the_wave, uniq_duvessa, uniq_eustachio,
          uniq_grinder

Skill      XL: |  1  2  3  4  5  6  7 |
---------------+----------------------+-----
Conjurations   | 1 |  1.6
Air Magic      | 3 4 5 |  5.8
Spellcasting   | 3 4 |  4.8
Stealth        | 2 |  2.0
Fighting       | 1 3 4 |  4.3
Dodging        | |  1.7

Action                     |  1- 3 |  4- 6 |  7- 9 || total
---------------------------+-------+-------+-------++-------
  Melee: Long sword        |    14 |    15 |     3 ||    32
         Rapier            |       |       |     6 ||     6
         Punch             |       |       |     1 ||     1
   Fire: Sling             |    32 |       |       ||    32
   Cast: Shock             |    64 |    75 |     4 ||   143
         Static Discharge  |       |     4 |     7 ||    11
         Airstrike         |       |     2 |     2 ||     4
    Use: Scroll            |     3 |       |       ||     3
 Armour: Robe              |    29 |     5 |     9 ||    43
  Dodge: Dodged            |    42 |    13 |    11 ||    66
